 Dungeon Crawl Stone Soup version 0.20.1-1-g8b1a95d (webtiles) character file.

2146 jmlagarto the Archer (level 9, 0/79 HPs)
             Began as a Minotaur Hunter on Aug 11, 2017.
             Was a High Priest of Zin.
             Slain by a two-headed ogre
             ... wielding a +0 giant club
              (15 damage)
             ... on level 8 of the Dungeon on Aug 12, 2017.
             The game lasted 00:33:59 (7014 turns).

jmlagarto the Archer (Minotaur Hunter)              Turns: 7014, Time: 00:34:00

Health: 0/79       AC:  6    Str: 19    XL:     9   Next: 9%
Magic:  7/7        EV: 14    Int: 14    God:    Zin [*****.]
Gold:   129        SH:  0    Dex: 17    Spells: 8/8 levels left

rFire    . . .     SeeInvis +   S - +1 dagger (elec)
rCold    . . .     Gourm    .   (no shield)
rNeg     . . .     Faith    +   N - +0 leather armour
rPois    ∞         Spirit   .   (helmet restricted)
rElec    .         Reflect  .   (no cloak)
rCorr    .         Harm     .   (no gloves)
MR       .....                  g - +0 pair of boots
Stlth    ++........             o - amulet of faith
Regen    0.3/turn               i - ring of see invisible
MPRegen  0.1/turn               B - +3 ring of dexterity

@: brilliant, vitalised, very slightly contaminated, hasted, very quick
A: retaliatory headbutt, horns 2, iridescent scales 1, low mp 1
a: Recite, Vitalisation, Imprison, Sanctuary, Donate Gold, Renounce Religion


You were on level 8 of the Dungeon.
You worshipped Zin.
Zin was extremely pleased with you.
You were hungry.

You visited 1 branch of the dungeon, and saw 8 of its levels.

You collected 490 gold pieces.
You donated 361 gold pieces to Zin.

Inventory:

Hand Weapons
 a - a +2 shortbow
 b - a +0 short sword
 M - a +2 rapier of draining
 S - a +1 dagger of electrocution (weapon)
Missiles
 d - 52 arrows
Armour
 c - a +0 leather armour
 f - a +0 pair of boots
 g - a +0 pair of boots (worn)
 N - a +0 leather armour (worn)
Jewellery
 i - a ring of see invisible (left hand)
 m - an uncursed ring of fire
 o - an amulet of faith (around neck)
 p - a cursed -3 ring of strength {unknown}
 y - an uncursed ring of positive energy
 B - a +3 ring of dexterity (right hand)
 R - an uncursed amulet of rage {unknown}
Wands
 D - a wand of lightning (0/15)
 F - a wand of clouds (3/9)
Scrolls
 k - 2 scrolls of teleportation
 l - a scroll of enchant weapon
 n - 2 scrolls of fear {unknown}
 q - 3 scrolls of amnesia {unknown}
 r - 4 scrolls of identify {unknown}
 t - 3 scrolls of remove curse
 u - 2 scrolls of fog {unknown}
 w - 2 scrolls of magic mapping
 x - 3 scrolls of enchant armour {unknown}
 E - a scroll of noise {unknown}
 K - 2 scrolls of random uselessness {unknown}
 O - 2 scrolls of recharging {unknown}
 Q - a scroll of immolation {unknown}
Potions
 j - a potion of cancellation
 s - 2 potions of brilliance
 v - a potion of lignification
 C - 2 potions of ambrosia {unknown}
 L - a potion of resistance {unknown}
 P - 2 potions of magic {unknown}
Books
 h - a book of Cantrips

   Spells                             Type                      Level
   a - Confusing Touch                Hexes                        1
   b - Animate Skeleton               Necromancy                   1
   c - Summon Small Mammal            Summoning                    1
   d - Apportation                    Translocation                1
Comestibles
 z - 4 meat rations
 G - 25 fruits
 H - 3 bread rations
 I - a royal jelly


   Skills:
 + Level 7.0 Fighting
 + Level 11.1 Bows
 + Level 3.5 Armour
 + Level 3.8 Dodging
 + Level 1.2 Stealth
 + Level 0.6 Invocations
 + Level 0.8 Evocations


You had 8 spell levels left.
You didn't know any spells.

Dungeon Overview and Level Annotations

Branches:
Dungeon (7/15)             Temple (0/1) D:5

Altars:
Hepliaklqana
Kikubaaqudgha
Trog
Zin


Innate Abilities, Weirdness & Mutations

You reflexively headbutt those who attack you in melee.
You have a pair of horns on your head.
You are partially covered in iridescent scales. (AC +2)
Your magical capacity is low. (-10% MP)


Message History

You hear a shout! x8
Your surroundings seem slightly different.
A two-headed ogre comes into view. It is wielding two giant clubs.
The two-headed ogre shouts in stereo!
The two-headed ogre barely misses you.
The two-headed ogre hits you with a giant club.
* * * LOW HITPOINT WARNING * * *
An ogre and a zombie come into view.
The ogre shouts!
You hit the adder zombie.
You headbutt the adder zombie, but do no damage.
The adder zombie is lightly damaged.
The adder zombie misses you. You furiously retaliate!
You headbutt the adder zombie. You hit the adder zombie.
Lightning courses through the adder zombie!
You destroy the adder zombie!
Zin accepts your kill.
The two-headed ogre hits you with a giant club!
You die...

### ##### #.. z...#
#.# ### ....# #.#
.....#####..## ##.#
#..O@O#...###.§###
#####z....Z..Z..Z##
#.......####h.###
#.....zz.[zhz....
#.......#####....
#.......# #####
#.%.....# #########


You could see a two-headed ogre, an ogre, 3 wights and a centaur zombie.

Vanquished Creatures
  Pikel (D:5)
  Sigmund (D:3)
  Eustachio (D:5)
  A black bear (D:7)
  An ice beast (D:6)
  A slave (D:5)
  A phantom (D:7)
  A centaur (D:6)
  A bullfrog (D:7)
  2 scorpions
  2 killer bees (D:8)
  A howler monkey (D:8)
  A crimson imp (D:5)
  A jelly (D:6)
  A quasit (D:6)
  An orc priest (D:7)
  A bullfrog zombie (D:6)
  A hound (D:6)
  3 iguanas
  2 orc wizards (D:7)
  5 worker ants
  A hound skeleton (D:6)
  A worker ant zombie (D:5)
  A howler monkey skeleton (D:4)
  11 adders
  2 oozes (D:1)
  2 adder zombies
  6 worms
  3 dart slugs
  4 leopard geckos
  15 orcs
  2 ball pythons
  3 bats (D:1)
  4 giant cockroaches
  9 goblins
  10 hobgoblins
  8 jackals
  A quokka (D:2)
  6 frilled lizards
  11 kobolds
  A leopard gecko skeleton (D:7)
  A leopard gecko zombie (D:6)
  2 quokka skeletons (D:4)
  9 rats
143 creatures vanquished.

Vanquished Creatures (others)
  An ogre (D:5)
  A slave (D:5)
  2 howler monkeys (D:5)
  An orc priest (D:5)
  Ijyb (D:5)
  A worker ant (D:5)
  A shadow imp (D:5)
  2 orcs (D:5)
  A quokka (D:5)
11 creatures vanquished.

Grand Total: 154 creatures vanquished

Notes
Turn   | Place    | Note
-------+----------+-------------------------------------------
     0 | D:1      | jmlagarto the Minotaur Hunter began the quest for the Orb.
     0 | D:1      | Reached XP level 1. HP: 18/18 MP: 0/0
    58 | D:1      | Reached XP level 2. HP: 25/25 MP: 1/1
   210 | D:1      | Reached skill level 5 in Bows
   467 | D:1      | Reached XP level 3. HP: 30/30 MP: 2/2
  1136 | D:2      | Found a glowing silver altar of Zin.
  1139 | D:2      | Became a worshipper of Zin the Law-Giver
  1165 | D:2      | Reached * piety under Zin
  1276 | D:2      | Reached XP level 4. HP: 37/37 MP: 3/3
  1795 | D:2      | Donated 52 gold pieces to Zin
  1932 | D:2      | Reached ** piety under Zin
  2056 | D:2      | Found a bloodstained altar of Trog.
  2058 | D:2      | Reached skill level 6 in Bows
  2345 | D:3      | Noticed Sigmund
  2359 | D:3      | Gained mutation: Your magical capacity is low. (-10% MP) [potion of mutation]
  2359 | D:3      | Gained mutation: You are partially covered in iridescent scales. (AC +2) [potion of mutation]
  2532 | D:3      | Reached skill level 1 in Armour
  2790 | D:3      | Killed Sigmund
  2790 | D:3      | Reached XP level 5. HP: 33/46 MP: 2/3
  2790 | D:3      | Reached XP level 6. HP: 37/52 MP: 2/4
  2918 | D:3      | Donated 53 gold pieces to Zin
  3084 | D:3      | Found an ancient bone altar of Kikubaaqudgha.
  3264 | D:3      | Reached skill level 7 in Bows
  3296 | D:3      | Reached *** piety under Zin
  3337 | D:3      | Found a hazy altar of Hepliaklqana.
  3440 | D:4      | Found a bloodstained altar of Trog.
  4200 | D:5      | Entered Level 5 of the Dungeon
  4226 | D:5      | Reached **** piety under Zin
  4230 | D:5      | Noticed Eustachio
  4268 | D:5      | Killed Eustachio
  4268 | D:5      | Reached XP level 7. HP: 32/60 MP: 5/5
  4311 | D:5      | Reached skill level 8 in Bows
  4614 | D:5      | Noticed Pikel
  4636 | D:5      | Killed Pikel
  4636 | D:5      | Reached skill level 5 in Fighting
  4636 | D:5      | Reached skill level 9 in Bows
  4636 | D:5      | Reached skill level 1 in Stealth
  4636 | D:5      | Reached XP level 8. HP: 41/69 MP: 6/6
  4660 | D:5      | Noticed Ijyb
  4670 | D:5      | Killed Ijyb
  4821 | D:5      | Found a staircase to the Ecumenical Temple.
  5460 | D:6      | Reached ***** piety under Zin
  5602 | D:6      | Reached skill level 10 in Bows
  6085 | D:6      | Donated 138 gold pieces to Zin
  6086 | D:6      | Donated 69 gold pieces to Zin
  6588 | D:7      | Reached skill level 11 in Bows
  6588 | D:7      | Reached XP level 9. HP: 76/78 MP: 7/7
  6959 | D:7      | You fall through a shaft!
  7008 | D:8      | Noticed a two-headed ogre
  7014 | D:8      | Slain by a two-headed ogre

Skill      XL: |  1  2  3  4  5  6  7  8  9 |
---------------+----------------------------+-----
Bows           | 5 6 7 9 11 | 11.1
Fighting       | 3 4 5 6 7 |  7.0
Armour         | 2 3 |  3.5
Dodging        | 3 |  3.8
Stealth        | 1 |  1.2
Invocations    | |  0.6
Evocations     | |  0.8

Action                   |  1- 3 |  4- 6 |  7- 9 || total
-------------------------+-------+-------+-------++-------
Melee: Short sword       |       |     1 |     1 ||     2
       Dagger            |       |       |     5 ||     5
       Headbutt          |       |       |     2 ||     2
 Fire: Shortbow          |   127 |   197 |   228 ||   552
Invok: Donate Gold       |       |     2 |     2 ||     4
       Recite            |       |     1 |       ||     1
       Vitalisation      |       |       |     1 ||     1
Evoke: Wand              |       |     2 |     2 ||     4
  Use: Potion            |       |     3 |     6 ||     9
       Scroll            |       |     2 |     5 ||     7
  Eat: Chunk             |     1 |     4 |     3 ||     8
       Bread ration      |       |     1 |       ||     1
       Meat ration       |       |       |     1 ||     1
Armor: Leather armour    |     8 |    34 |    49 ||    91
Dodge: Dodged            |    33 |    56 |    96 ||   185
